 Dungeon Crawl Stone Soup version 0.17.1-3-g152610e (webtiles) character file.

338 jacquesderrida the Conjurer (level 6, -2/41 HPs)
             Began as a Demonspawn Fire Elementalist on Mar 31, 2016.
             Was an Initiate of Vehumet.
             Slain by an ogre
             ... wielding a +0 giant spiked club
              (19 damage)
             ... on level 4 of the Dungeon.
             The game lasted 00:12:21 (2137 turns).

jacquesderrida the Conjurer (DsFE)                  Turns: 2137, Time: 00:12:21

Health: -2/41      AC:  4    Str:  8    XL:     6   Next: 29%
Magic:  0/12       EV: 12    Int: 18    God:    Vehumet [......]
Gold:   81         SH:  0    Dex: 14    Spells: 3 memorised, 5 levels left

rFire  . . .     SeeInvis .     d - +0 short sword (speed)
rCold  . . .     Clarity  .     a - +0 robe
rNeg   . . .     SustAt   .     (no shield)
rPois  .         Gourm    .     (helmet restricted)
rElec  .         Spirit   +     (no cloak)
rCorr  .         Warding  .     (no gloves)
rMut   .         Stasis   .     (no boots)
MR     .....                    (no amulet)
Stlth  ++........               (no ring)
                                (no ring)

@: very slightly contaminated, not resistant to hostile enchantments, unstealthy
A: antennae 1, yellow scales 1, magic shield
a: Renounce Religion


You were on level 4 of the Dungeon.
You worshipped Vehumet.
Vehumet was noncommittal.
You were hungry.

You visited 1 branch of the dungeon, and saw 4 of its levels.

You collected 81 gold pieces.

Inventory:

Hand Weapons
 d - a +0 short sword of speed (weapon)
 q - a +0 hunting sling
Armour
 a - a +0 robe (worn)
 k - a +1 leather armour
Jewellery
 i - an uncursed ring of teleportation
Scrolls
 e - a scroll of immolation
 f - 2 scrolls of identify
 h - 3 scrolls of enchant armour
 o - a scroll of enchant weapon {unknown}
Potions
 g - 2 potions of curing
 j - a potion of cancellation {unknown}
 u - a potion of heal wounds {unknown}
Books
 b - a book of Flames

   Spells                             Type                      Level
   a - Flame Tongue                   Conjuration/Fire             1
   b - Throw Flame                    Conjuration/Fire             2
   c - Conjure Flame                  Conjuration/Fire             3
   d - Inner Flame                    Hexes/Fire                   3
   e - Sticky Flame                   Conjuration/Fire             4
   f - Fireball                       Conjuration/Fire             5
Comestibles
 c - 3 bread rations
 l - a meat ration
 m - a beef jerky
 r - 2 chunks of flesh


   Skills:
 - Level 1.7 Dodging
 - Level 1.7 Stealth
 + Level 4.2 Spellcasting
 + Level 4.3 Conjurations
 + Level 3.3 Fire Magic


You had 5 spell levels left.
You knew the following spells:

 Your Spells              Type           Power        Failure   Level  Hunger
a - Flame Tongue          Conj/Fire      ###..        3%          1    None
c - Sticky Flame          Conj/Fire      ###.....     34%         4    ####...
d - Conjure Flame         Conj/Fire      ###.....     12%         3    ###....


Dungeon Overview and Level Annotations

Branches:
Dungeon (4/15)
 Temple: D:4-7

Altars:
Makhleb
Vehumet


Innate Abilities, Weirdness & Mutations

You have a pair of small antennae on your head.
You are partially covered in yellow scales (AC +2).
When hurt, damage is shared between your health and your magic reserves.


Message History

The ogre shouts!
The ogre hits you with a giant spiked club!
Enter note: BLYAAAAAA
Casting: Flame Tongue
Confirm with . or Enter, or press ? or * to list all spells.
Aiming: Conjure Flame
Press: ? - help, Dir - move target cursor You miscast Conjure Flame.
You are very lightly contaminated with residual magic.
You feel a strange surge of energy!
Unknown command.
The ogre misses you.
Casting: Conjure Flame
Confirm with . or Enter, or press ? or * to list all spells.
Aiming: Conjure Flame
Press: ? - help, Dir - move target cursor You miscast Conjure Flame.
The air around you crackles with energy!
The ogre hits you with a giant spiked club!!
You die...

########## ....
....##### ..#
#..#...##
..#####.......#
..............#
..#####.......#
..## #.<#...#####
...####..#.......#
.......>.#..####@#
.#########..# #O#
)# #..## #.# .#
#...# #.# +##
#.#.# #.# ..##
#.#.# #.# ...##
#.#.###.# ....##
###.......#
.....###.....#####


You could see an ogre.

Vanquished Creatures
  An ogre (D:4)
  A scorpion (D:4)
  A giant frog zombie (D:3)
  An orc priest (D:3)
  3 worker ants (D:4)
  2 adders
  An ooze (D:4)
  2 worms (D:4)
  2 giant geckos
  4 orcs (D:3)
  3 giant cockroaches
  6 hobgoblins
  A kobold (D:3)
  2 quokkas (D:3)
  3 bats
  3 goblins (D:3)
  3 rats
39 creatures vanquished.

Notes
Turn   | Place    | Note
--------------------------------------------------------------
     0 | D:1      | jacquesderrida the Demonspawn Fire Elementalist began the quest for the Orb.
     0 | D:1      | Reached XP level 1. HP: 13/13 MP: 3/3
   406 | D:3      | Gained mutation: You are partially covered in yellow scales (AC +2). [demonic ancestry]
   406 | D:3      | Reached XP level 2. HP: 10/19 MP: 0/5
   467 | D:3      | Noticed an orc priest
   802 | D:4      | Noticed a scorpion
   886 | D:4      | Reached XP level 3. HP: 22/24 MP: 0/7
   937 | D:4      | Killed a scorpion
   937 | D:4      | Reached skill level 3 in Spellcasting
   937 | D:4      | Reached XP level 4. HP: 30/30 MP: 0/8
  1028 | D:3      | Killed an orc priest
  1183 | D:3      | Noticed a giant frog zombie
  1219 | D:3      | Killed a giant frog zombie
  1219 | D:3      | Gained mutation: When hurt, damage is shared between your health and your magic reserves. [demonic ancestry]
  1219 | D:3      | Reached XP level 5. HP: 18/35 MP: 0/10
  1321 | D:3      | Found a radiant altar of Vehumet.
  1321 | D:3      | Found a burning altar of Makhleb.
  1321 | D:3      | Noticed a crimson imp
  1387 | D:2      | Learned a level 3 spell: Conjure Flame
  1392 | D:2      | Learned a level 4 spell: Sticky Flame
  1579 | D:3      | Became a worshipper of Vehumet
  1696 | D:4      | Reached skill level 4 in Conjurations
  1732 | D:4      | Noticed an ogre
  1794 | D:4      | Noticed an ogre
  1839 | D:4      | Killed an ogre
  1839 | D:4      | Gained mutation: You have a pair of small antennae on your head. [demonic ancestry]
  1839 | D:4      | Reached XP level 6. HP: 15/41 MP: 1/12
  2109 | D:4      | BLYAAAAAA
  2137 | D:4      | Slain by an ogre

Action                   |  1- 3 |  4- 6 || total
-------------------------+-------+-------++-------
Melee: Rapier            |     5 |       ||     5
       Unarmed           |     4 |       ||     4
       Short sword       |    25 |    25 ||    50
 Cast: Flame Tongue      |    38 |    66 ||   104
       Conjure Flame     |       |     2 ||     2
  Use: Scroll            |     7 |       ||     7
       Potion            |     1 |     3 ||     4
 Stab: Sleeping          |     1 |       ||     1
  Eat: Chunk             |       |     5 ||     5
